 Dungeon Crawl Stone Soup version 0.28.0-43-g3370ac3207 (console) character file.

Game seed: 6173158045777425689

4121 Zeor the Thaumaturge (level 10, -1/40 HPs)
             Began as a Felid Conjurer on Mar 17, 2022.
             Was an Elder of Vehumet.
             Slain by Urug
             ... wielding a +2 vampiric double sword
              (23 damage)
             ... on level 2 of the Lair of Beasts on Mar 18, 2022.
             The game lasted 00:53:56 (13696 turns).

Zeor the Thaumaturge (Felid Conjurer)              Turns: 13696, Time: 00:53:57

Health: -1/40      AC:  2    Str:  3    XL:     10   Next: 6%
Magic:  4/26       EV: 22    Int: 25    God:    Vehumet [****..]
Gold:   663        SH:  5    Dex: 14    Spells: 10/32 levels left
                                        Lives:  0   Deaths: 3

rFire   . . .      SeeInvis +     - Unarmed
rCold   . . .      Faith    .   (shield unavailable)
rNeg    . . .      Spirit   .   (armour unavailable)
rPois   +          Reflect  +   (helmet unavailable)
rElec   .          Harm     .   (cloak unavailable)
rCorr   .          Rampage  .   (gloves unavailable)
Will    +....                   (boots unavailable)
Stlth   +++.......              h - amulet of reflection
HPRegen 0.13/turn               f - ring of wizardry
MPRegen 0.20/turn               n - ring of poison resistance

@: freezing walls, quick
A: very small, claws 1, fangs 3, see invisible, speed 1, shaggy fur 2, stealthy
paws, no weapons or thrown items, no armour, multi-lived
a: Renounce Religion


You were on level 2 of the Lair of Beasts.
You worshipped Vehumet.
Vehumet was greatly pleased with you.
You visited 3 branches of the dungeon, and saw 12 of its levels.
You also visited: Gauntlet.

You collected 663 gold pieces.

Inventory:

Jewellery
 b - a ring of resist corrosion
 f - a ring of wizardry (left paw)
 h - an amulet of reflection (around neck)
 n - a ring of poison resistance (right paw)
 s - an amulet of faith
Wands
 j - a wand of iceblast (8)
 p - a wand of mindburst (11)
 r - a wand of flame (19)
Scrolls
 a - 7 scrolls of teleportation
 k - 3 scrolls of blinking
 l - 2 scrolls of amnesia
 o - a scroll of magic mapping
 q - a scroll of silence
 v - a scroll of immolation
Potions
 c - a potion of cancellation
 d - a potion of brilliance
 g - 3 potions of curing
 i - 3 potions of flight
 m - a potion of invisibility
Miscellaneous
 u - a lightning rod (4/4)


   Skills:
 + Level 2.5 Fighting
 * Level 9.5 Dodging
 + Level 6.7 Stealth
 + Level 2.4 Unarmed Combat
 * Level 11.6 Spellcasting
 + Level 7.3 Conjurations
 + Level 2.6 Hexes
 + Level 2.4 Translocations
 + Level 4.2 Ice Magic
 + Level 0.7 Poison Magic


You had 10 spell levels left.
You knew the following spells:

 Your Spells              Type           Power      Damage    Failure   Level
a - Magic Dart            Conj           100%       1d8       1%          1
b - Iskenderun's Mystic   Conj/Tloc      39%        2d9       1%          4
c - Frozen Ramparts       Ice            70%        1d9       1%          3
d - Dazzling Flash        Conj/Hex       78%        N/A       1%          3
f - Freeze                Ice            100%       1d11      1%          1
p - Fulminant Prism       Conj/Hex       19%        3d11      1%          4
r - Searing Ray           Conj           100%       2d8       1%          2
t - Olgreb's Toxic Radia  Pois           18%        N/A       3%          4

Your spell library contained the following spells:

 Spells                   Type           Power      Damage    Failure   Level
 Beastly Appendage        Tmut           28%        N/A       1%          1
 Ensorcelled Hibernation  Hex/Ice        62%        N/A       1%          2
 Confusing Touch          Hex            27%        N/A       1%          3
 Wereblood                Tmut           14%        N/A       2%          2
 Spider Form              Tmut/Pois      16%        N/A       4%          3
 Yara's Violent Unravell  Hex/Tmut       10%        3d6       8%          5
 Anguish                  Hex/Necr       10%        N/A       10%         4
 Enfeeble                 Hex            13%        N/A       99%         7


Dungeon Overview and Level Annotations

Branches:
Dungeon (9/15)             Temple (1/1) D:4            Lair (2/6) D:8
Gauntlet (visited)
  Swamp: Lair:2-4    Shoals: Lair:2-4     Snake: Lair:2-4    Spider: Lair:2-4
    Orc: D:9-12

Altars:
Cheibriados
Hepliaklqana
Ru
Vehumet
Wu Jian
Zin

Shops:
D:4 [   D:6 *   D:7 :

Annotations:
D:5 1 transporter, issech's ghost, novice TrMo
Lair:2 Urug


Innate Abilities, Weirdness & Mutations

You have sharp claws.
You have razor-sharp teeth.
You have supernaturally acute eyesight. (SInv)
You cover ground quickly. (Speed+)
You are covered in thick fur. (AC +2)
Your paws help you pounce on unaware monsters.
You are incapable of wielding weapons or throwing items.
You cannot wear armour.
You gain extra lives every three experience levels.


Message History

Aiming: Searing Ray (safe; 1% risk of failure)
Press: ? - help, Shift-Dir - straight line, f/p - cane toad
Aim: a cane toad (almost dead, slow, 85% to hit)
The searing ray hits the cane toad!
You kill the cane toad!
Vehumet accepts your kill.
You feel your power returning. (Press . to maintain the ray.) Welcome back to level 10!
Casting: Searing Ray (safe; 1% risk of failure)
Confirm with . or Enter, or press ? or * to list all spells.
Restarting spell: Searing Ray (safe; 1% risk of failure)
Press: ? - help, Shift-Dir - straight line, f - blink frog
Aim: a blink frog (almost dead, slow, 70% to hit)
The searing ray misses the blink frog.
The searing ray hits the plant.
The plant begins to die.
The plant is lightly damaged. (Press . to maintain the ray.)
The blink frog blinks!
The frozen ramparts melt away.
The searing ray hits the blink frog.
You kill the blink frog!
Vehumet accepts your kill.
Casting: Searing Ray (safe; 1% risk of failure)
Confirm with . or Enter, or press ? or * to list all spells.
Casting: Frozen Ramparts (safe; 1% risk of failure)
Press: ? - help, Dir - look around, f - activate The walls around you are covered in ice.
The wall freezes Urug.
Urug hits you with a +2 vampiric double sword!!
Casting: Frozen Ramparts (safe; 1% risk of failure)
Confirm with . or Enter, or press ? or * to list all spells.
You erupt in a blast of force!
The mystic blast hits Urug.
Urug is lightly wounded.
Urug is knocked back by the mystic blast.
Urug slams into the rock wall!
A nearby plant withers and dies.
The wall freezes Urug!
Urug hits you with a +2 vampiric double sword!!
Ouch! That really hurt!
You die...

░·······················░░░··░ ▒
░·········∙∙∙········∙∙∙P░··░░░░▒
··········∙∙∙∙·····░∙∙∙∙∙····░▒∙P
····░·····∙∙∙∙····░░∙∙∙▒░····∙∙∙∙
·····░▒∙∙∙∙∙∙∙∙P░░░▒∙∙▒▒▒∙···∙∙∙∙
·░·∙·▒▒∙▒∙∙▒∙∙∙▒▒▒▒∙∙PP∙∙∙∙∙·∙∙∙∙
··░P∙▒∙▒∙∙∙∙∙∙∙^∙∙▒∙∙∙∙∙∙∙∙∙·∙∙∙∙
∙P∙∙∙∙∙∙∙∙∙∙∙∙∙▒∙∙∙∙∙∙∙∙∙∙∙∙··▒∙∙
∙∙∙∙∙∙∙∙∙∙∙∙∙∙▒▒h∙∙∙∙∙∙∙∙∙∙∙·░▒∙P
∙∙∙∙∙∙∙▒∙∙∙∙∙▒▒▒▒o∙∙P∙▒∙∙∙∙·░░▒∙∙
∙∙∙∙∙·▒∙∙∙∙∙∙∙∙▒∙†▒∙∙▒∙∙∙∙··░▒▒▒∙
∙∙∙∙∙░░▒▒∙∙∙∙∙∙∙∙∙∙∙∙∙▒░$∙··░▒∙∙∙
∙∙∙∙∙▒▒▒∙∙∙∙∙∙∙∙∙∙∙∙∙∙▒▒▒∙·░∙▒P)∙
▒∙∙∙∙∙▒∙▒∙∙∙∙∙∙F∙<∙∙∙∙∙▒P∙∙·∙∙∙∙▒
·▒∙∙∙∙∙▒∙∙∙∙∙∙∙∙∙∙∙∙∙∙∙∙∙∙∙∙·░▒∙∙
▒▒∙∙∙∙∙∙∙∙∙∙∙∙∙∙∙∙∙∙∙∙∙∙∙∙∙▒▒░▒P∙
▒∙∙∙∙∙∙∙∙∙∙∙∙∙∙∙∙∙∙∙∙∙∙∙∙∙∙∙▒▒▒▒∙


You could see Urug.

Vanquished Creatures
  Fannar (Lair:2)
  3 black mambas (Lair:1)
  3 cane toads
  4 komodo dragons
  A hornet (D:8)
  2 blink frogs (Lair:2)
  Sigmund (D:3)
  2 wyverns (D:8)
  A basilisk (Lair:1)
  4 yaks
  8 water moccasins
  An ice beast (D:8)
  3 orc warriors
  A black bear (D:8)
  A sky beast (D:6)
  3 necrophages
  An ogre (D:5)
  2 centaurs
  A phantom (D:7)
  2 kobold brigands
  9 bullfrogs
  2 scorpions
  A water moccasin zombie (D:5)
  14 killer bees
  6 howler monkeys
  A bullfrog zombie (D:5)
  A centaur skeleton (D:5)
  A jelly (D:7)
  5 orc priests
  2 gnoll shamans (D:7)
  3 hounds
  5 iguanas
  A bullfrog skeleton (D:6)
  8 orc wizards
  A hound skeleton (D:5)
  2 howler monkey zombies (D:8)
  8 gnolls (D:7)
  3 adders
  A shadow imp (D:7)
  2 white imps
  2 ufetubi
  A worm (D:2)
  41 orcs
  10 ball pythons
  10 endoplasms
  3 giant cockroaches
  7 goblins
  10 hobgoblins
  13 kobolds
  4 quokkas
  3 bats
  3 frilled lizards
  8 rats
  A fulminant prism (D:6)
237 creatures vanquished.

Vanquished Creatures (others)
  9 fulminant prisms
  50 fungi
  43 plants
102 creatures vanquished.

Grand Total: 339 creatures vanquished

Notes
Turn   | Place    | Note
-------+----------+-------------------------------------------
     0 | D:1      | Zeor the Felid Conjurer began the quest for the Orb.
     0 | D:1      | Reached XP level 1. HP: 7/7 MP: 4/4
   269 | D:1      | Reached XP level 2. HP: 11/11 MP: 3/6
   272 | D:1      | Learned a level 2 spell: Searing Ray
   414 | D:1      | Found a faded altar of an unknown god.
   869 | D:1      | Reached XP level 3. HP: 14/14 MP: 3/7
   873 | D:1      | Learned a level 3 spell: Dazzling Flash
  2399 | D:3      | Reached XP level 4. HP: 18/18 MP: 4/8
  2949 | D:3      | Noticed Sigmund
  2951 | D:3      | Killed from afar by an orc priest
  2952 | D:3      | Reached XP level 3. HP: -4/14 MP: 8/8
  3324 | D:4      | Reached XP level 4. HP: 11/18 MP: 5/9
  3664 | D:4      | Found a staircase to the Ecumenical Temple.
  3679 | Temple   | Entered the Ecumenical Temple
  3740 | Temple   | Became a worshipper of Vehumet
  3812 | D:4      | Reached skill level 3 in Spellcasting
  3858 | D:4      | Noticed a necrophage
  3900 | D:4      | Reached skill level 5 in Conjurations
  3963 | D:4      | Killed a necrophage
  3964 | D:4      | Reached XP level 5. HP: 16/21 MP: 1/11
  4066 | D:4      | Found Gopli's Armour Boutique.
  4764 | D:3      | Killed Sigmund
  4765 | D:3      | Reached skill level 4 in Spellcasting
  4765 | D:3      | Gained mutation: You are covered in thick fur. (AC +2)
                  | [Felid growth]
  4765 | D:3      | Reached XP level 6. HP: 24/24 MP: 3/13
  4949 | D:5      | Entered Level 5 of the Dungeon
  4963 | D:5      | Reached skill level 1 in Unarmed Combat
  5490 | D:5      | Found an ornate altar of the Wu Jian Council.
  5511 | D:5      | Found a transporter.
  5512 | D:5      | Noticed issech's ghost (novice TrMo)
  5638 | D:5      | Reached XP level 7. HP: 26/27 MP: 8/14
  5643 | D:5      | Learned a level 4 spell: Iskenderun's Mystic Blast
  5648 | D:5      | Learned a level 4 spell: Fulminant Prism
  5993 | D:5      | Reached * piety under Vehumet
  5993 | D:5      | Offered knowledge of Freeze by Vehumet.
  5994 | D:5      | Reached skill level 5 in Dodging
  5994 | D:5      | Reached skill level 5 in Spellcasting
  5997 | D:5      | Learned a level 1 spell: Freeze
  6509 | D:6      | Reached XP level 8. HP: 31/31 MP: 6/17
  6685 | D:6      | Reached skill level 6 in Spellcasting
  7336 | D:6      | Reached skill level 1 in Ice Magic
  7364 | D:6      | Found Sexuang's General Store.
  7668 | D:7      | Reached skill level 5 in Stealth
  7809 | D:7      | Found Maixiet's Book Shop.
  7824 | D:7      | Reached ** piety under Vehumet
  7824 | D:7      | Offered knowledge of Static Discharge by Vehumet.
  8151 | D:7      | Reached skill level 7 in Spellcasting
  8555 | D:7      | Identified the -3 buckler "Etekitso" {Harm +Blink rN++
                  | rCorr Int-3}
  8573 | D:7      | Reached XP level 9. HP: 34/34 MP: 16/20
  8779 | D:8      | Reached skill level 8 in Spellcasting
  8877 | D:8      | Noticed a komodo dragon
  8890 | D:8      | Found a staircase to the Lair.
  8982 | D:7      | Reached skill level 1 in Fighting
  9399 | D:8      | Offered knowledge of Frozen Ramparts by Vehumet.
  9510 | D:7      | Learned a level 3 spell: Frozen Ramparts
  9596 | D:8      | Reached skill level 1 in Hexes
  9835 | D:8      | Killed a komodo dragon
  9836 | D:8      | Reached skill level 9 in Spellcasting
  9849 | D:8      | Reached skill level 1 in Translocations
 10054 | D:8      | Reached *** piety under Vehumet
 10055 | D:8      | Reached XP level 10. HP: 40/40 MP: 13/24
 10564 | Lair:1   | Entered Level 1 of the Lair of Beasts
 10652 | Lair:1   | Noticed a black mamba
 10962 | D:9      | Killed from afar by an orc priest
 10963 | D:9      | Reached XP level 9. HP: -7/36 MP: 14/23
 11277 | D:9      | Offered knowledge of Olgreb's Toxic Radiance by Vehumet.
 11289 | D:9      | Learned a level 4 spell: Olgreb's Toxic Radiance
 11304 | D:9      | Reached skill level 10 in Spellcasting
 11964 | Lair:1   | Killed a black mamba
 12025 | Lair:1   | Noticed a six-headed hydra
 12040 | Lair:1   | Noticed a cane toad
 12050 | Lair:1   | Killed a cane toad
 12152 | Lair:1   | Noticed a black mamba
 12165 | Lair:1   | Killed a black mamba
 12166 | Lair:1   | Reached XP level 10. HP: 38/40 MP: 14/25
 12484 | Lair:1   | Noticed a cane toad
 12491 | Lair:1   | Killed a cane toad
 12627 | Lair:1   | Reached **** piety under Vehumet
 12747 | Lair:1   | Reached skill level 11 in Spellcasting
 12809 | Lair:1   | Noticed a black mamba
 12818 | Lair:1   | Killed a black mamba
 13383 | Lair:2   | Noticed a cane toad
 13464 | Lair:2   | Noticed Urug
 13515 | Lair:2   | Found a gate leading to a gauntlet.
 13524 | Gauntlet | Entered a Gauntlet
 13524 | Gauntlet | Found a transporter.
 13533 | Gauntlet | Found a transporter.
 13535 | Gauntlet | Found a transporter.
 13537 | Gauntlet | Found a transporter.
 13537 | Gauntlet | Noticed a large abomination
 13539 | Gauntlet | Found a transporter.
 13540 | Gauntlet | Found a transporter.
 13542 | Gauntlet | Noticed a wolf spider
 13545 | Gauntlet | Noticed a moth of wrath
 13548 | Gauntlet | Found a transporter.
 13548 | Gauntlet | Noticed a thrashing horror
 13549 | Gauntlet | Found a transporter.
 13570 | Gauntlet | Noticed a large abomination
 13593 | Lair:2   | Noticed Fannar
 13621 | Lair:2   | Killed Fannar
 13633 | Lair:2   | HP: 2/40 [blink frog (19)]
 13643 | Lair:2   | HP: 2/40 [blink frog (8)]
 13644 | Lair:2   | Slain by a blink frog
 13645 | Lair:2   | Reached XP level 9. HP: -1/36 MP: 1/25
 13680 | Lair:2   | meow this is stupid
 13691 | Lair:2   | Killed a cane toad
 13692 | Lair:2   | Reached XP level 10. HP: 40/40 MP: 14/26
 13696 | Lair:2   | Slain by Urug

Illustrated notes

·····░▒∙∙∙∙∙∙∙∙P░░░▒∙∙▒▒▒∙···∙∙∙∙
·░·∙·▒▒∙▒∙∙▒∙∙∙▒▒▒▒∙∙PP∙∙∙∙∙·∙∙∙∙
··░P∙▒∙▒∙∙∙∙∙∙∙^∙∙▒∙∙∙∙∙∙∙∙∙·∙∙∙∙
∙P∙∙∙∙∙∙∙∙∙∙∙∙∙▒∙∙∙#∙∙∙∙∙∙∙∙··▒∙∙
∙∙∙∙∙∙∙∙∙∙∙∙∙∙▒▒∙∙∙∙∙P∙∙∙∙∙∙·░▒∙P
∙∙∙∙∙∙∙▒∙∙∙∙∙▒▒▒▒∙∙∙P∙▒∙∙∙∙·░░▒∙∙
∙∙∙∙∙·▒∙∙∙∙∙∙∙∙▒∙†▒∙∙▒∙∙∙∙··░▒▒▒∙
∙∙∙∙∙░░▒▒∙∙∙∙∙∙∙∙∙∙∙∙∙▒░$∙··░▒∙∙∙
∙∙∙∙∙▒▒▒∙∙∙∙∙∙∙∙h∙∙∙F∙▒▒▒∙·░∙▒P)∙
▒∙∙∙∙∙▒∙▒∙∙∙F∙∙∙∙<∙∙∙∙∙▒P∙∙·∙∙∙∙▒
·▒∙∙∙∙∙▒∙∙∙∙∙∙∙∙∙∙∙∙∙∙∙∙∙∙∙∙·░▒∙∙
▒▒∙∙∙∙∙∙∙∙∙∙∙∙∙∙∙∙∙∙∙∙∙∙∙∙∙▒▒░▒P∙
▒∙∙∙∙∙∙∙∙∙∙∙∙∙∙∙∙∙∙∙∙∙∙∙∙∙∙∙▒▒▒▒∙
∙∙∙∙∙∙∙∙∙∙∙∙∙∙∙∙∙∙∙∙∙∙∙∙∙∙∙∙∙P▒▒▒
)∙∙∙∙▒▒▒▒▒▒∙∙∙∙∙∙∙∙∙∙∙∙∙∙∙∙∙∙∙∙∙∙
∙∙∙∙∙░░ ▒∙▒∙∙∙∙o∙∙∙∙∙∙∙∙∙∙∙▒∙∙∙∙
∙∙∙∙∙·░░░▒▒▒∙∙∙∙∙∙∙∙∙∙∙∙∙∙∙∙▒▒∙∙∙


Turn 13680 on Lair:2: meow this is stupid

Levels and vault maps discovered:
D:1:      dpeg_arrival_rooms_with_view, layout_loops_ring,
          nicolae_ecumenical_snake_handling, minmay_pentomino_z2
D:2:      layout_loops_ring, minivault_25
D:3:      layout_loops_ring, uniq_sigmund
D:4:      layout_loops_cross, minmay_temple_entry_antechambers, serial_shops,
          nicolae_shop_trees, minmay_misc_feat_pillars
D:5:      layout_gridville, kennysheep_mini_moat, gammafunk_ghost_smash
D:6:      layout_basic, serial_shops, kennysheep_little_box
D:7:      layout_rooms, serial_shops, nicolae_take_the_stairs
D:8:      layout_layer_cave, due_lair_maze_entry_diamond, grunt_ministairs_1,
          kennysheep_decorative_pillar, kennysheep_generic_room_8
D:9:      layout_basic
Temple:   mainiacjoe_temple_trianglar_array
Lair:1:   layout_big_grid
Lair:2:   layout_layer_cave, gauntlet_entry_generic, uniq_urug, uniq_fannar

Skill      XL: |  1  2  3  4  5  6  7  8  9 10 |
---------------+-------------------------------+-----
Conjurations   | 4 5 6 7 |  7.3
Dodging        | 3 4 5 6 7 9 |  9.5
Stealth        | 3 4 6 |  6.7
Spellcasting   | 3 4 5 7 10 11 | 11.6
Unarmed Combat | 1 2 |  2.4
Ice Magic      | 1 3 4 |  4.2
Fighting       | 1 2 |  2.5
Hexes          | 2 |  2.6
Translocations | 1 2 |  2.4
Poison Magic   | |  0.7

Action                   |  1- 3 |  4- 6 |  7- 9 | 10-12 || total
-------------------------+-------+-------+-------+-------++-------
Melee: Unarmed           |     4 |    26 |     4 |     1 ||    35
       Bite              |       |     1 |       |       ||     1
 Cast: Magic Dart        |    69 |    50 |    47 |    14 ||   180
       Searing Ray       |    18 |    17 |    73 |    23 ||   131
       Dazzling Flash    |       |     1 |       |       ||     1
       Freeze            |       |       |    34 |     5 ||    39
       Iskenderun's Myst |       |       |    18 |    16 ||    34
       Fulminant Prism   |       |       |     5 |     5 ||    10
       Frozen Ramparts   |       |       |    19 |    24 ||    43
       Olgreb's Toxic Ra |       |       |     2 |     4 ||     6
Evoke: Wand              |       |       |       |     1 ||     1
  Use: Scroll            |     7 |     5 |     5 |     4 ||    21
       Potion            |     1 |     1 |     1 |     2 ||     5
 Stab: Sleeping          |     1 |     1 |     2 |       ||     4
Armor: Skin              |     8 |     6 |     1 |     2 ||    17
Dodge: Dodged            |     3 |    31 |   115 |    39 ||   188
Block: Other             |       |     8 |    29 |    11 ||    48
       Reflection        |       |       |     3 |       ||     3
